 Dungeon Crawl Stone Soup version 0.22-a0-157-g169b76a (webtiles) character file.

91 mhoghedin the Conjurer (level 4, -1/24 HPs)
             Began as a Kobold Conjurer on Feb 8, 2018.
             Slain by Sigmund
             ... wielding a +0 scythe of slicing
              (2 damage)
             ... on level 3 of the Dungeon.
             The game lasted 00:04:47 (2190 turns).

mhoghedin the Conjurer (Kobold Conjurer)            Turns: 2190, Time: 00:04:48

Health: -1/24      AC:  2    Str: 10    XL:     4   Next: 87%
Magic:  6/9        EV: 30    Int: 17    God:
Gold:   177        SH:  0    Dex: 15    Spells: 4/10 levels left

rFire    . . .     SeeInvis .   g - +0 whip
rCold    . . .     Gourm    .   (shield restricted)
rNeg     . . .     Faith    .   a - +0 robe
rPois    .         Spirit   .   (no helmet)
rElec    .         Reflect  .   (no cloak)
rCorr    .         Harm     .   (no gloves)
MR       .....                  (no boots)
Stlth    ++........             s - amulet of the acrobat (curse)
HPRegen  0.08/turn              (no ring)
MPRegen  0.11/turn              (no ring)

@: mighty, flying
A: small, carnivore
a: no special abilities


You were on level 3 of the Dungeon.
You were completely stuffed.

You visited 1 branch of the dungeon, and saw 3 of its levels.

You collected 177 gold pieces.

Inventory:

Hand Weapons
 g - a +0 whip (weapon)
   (You found it on level 1 of the Dungeon)
Armour
 a - a +0 robe (worn)
 n - a +0 pair of gloves
   (You found it on level 2 of the Dungeon)
Jewellery
 s - a cursed amulet of the acrobat (around neck)
   (You found it on level 3 of the Dungeon)
Scrolls
 f - 2 scrolls of remove curse {unknown}
 h - 2 scrolls of identify
 j - a scroll of fog {unknown}
 k - 3 scrolls of teleportation {unknown}
 m - a scroll of random uselessness {unknown}
 o - a scroll of enchant weapon {unknown}
 p - 2 scrolls of immolation {unknown}
 q - a scroll of enchant armour {unknown}
Potions
 d - a potion of flight
 e - a potion of berserk rage {unknown}
 l - a potion of mutation {unknown}
 r - a potion of brilliance {unknown}
Books
 b - a book of Conjurations
Comestibles
 c - 2 rations
 t - a chunk of flesh {@w0}


   Skills:
 - Level 2.4 Dodging
 - Level 2.6 Stealth
 + Level 3.7 Spellcasting
 + Level 5.0 Conjurations


You had 4 spell levels left.
You knew the following spells:

 Your Spells              Type           Power        Failure   Level  Hunger
a - Magic Dart            Conj           ###.         1%          1    None
b - Searing Ray           Conj           ###...       3%          2    ##.....
c - Dazzling Spray        Conj/Hex       ##....       17%         3    ###....


Dungeon Overview and Level Annotations

Branches:
Dungeon (3/15)

Altars:

Annotations:
D:3 Sigmund


Innate Abilities, Weirdness & Mutations

You are small and have problems with some larger weapons.
You are carnivorous and can eat meat at any time.


Message History

Aim: a kobold, wielding a dagger (heavily wounded)
The magic dart hits the kobold.
You kill the kobold!
You now have 4/9 mp.
Things that are here:
a dagger; a kobold corpse You butcher the kobold corpse.
Things that are here:
a dagger; an inedible chunk of flesh {@w0} You start resting.
A rat comes into view.
You regained 3 mp, and now have 7/9 mp.
A rat is nearby!
Aim: a rat (hasn't noticed you)
The magic dart hits the rat.
You kill the rat!
You now have 6/9 mp.
You can't see any susceptible monsters within range! (Use Z to cast anyway.) Unknown command.
An adder comes into view.
Aim: an adder The magic dart hits the adder.
You now have 5/9 mp.
Aim: an adder (moderately wounded)
The magic dart hits the adder.
Aim: an adder (heavily wounded)
The magic dart hits the adder.
You now have 4/9 mp.
Aim: an adder (severely wounded)
The magic dart hits the adder.
You now have 3/9 mp.
Aim: an adder (severely wounded)
The magic dart hits the adder.
You kill the adder!
Your Conjurations skill increases to level 5!
You now have 2/9 mp.
You see here an adder corpse.
You butcher the adder corpse.
A quokka comes into view.
Things that are here:
2 chunks of flesh {@w0}; an adder skeleton The quokka moves out of view.
s - a large peridot amulet You now have 177 gold pieces (gained 13).
t - 2 chunks of flesh {@w0} You see here an adder skeleton.
You hear the slow rusting of a drain nearby.
As you read the scroll labeled CEEWNA FUUSAN, it crumbles to dust.
It is a scroll of identify.
s - a cursed amulet of the acrobat Really put on
s - a cursed amulet of the acrobat?
You feel ready to tumble and roll out of harm's way.
Oops, that amulet feels deathly cold.
s - a cursed amulet of the acrobat (around neck) Unknown command.
Sorry, you're not good enough to have a special ability.
Found a stone staircase leading down.
Eating one of 2 chunks of flesh {@w0}.
You eat one of the 2 chunks of flesh {@w0}.
This raw flesh tastes great.
A goblin and Sigmund come into view.
Sigmund is wielding a scythe of slicing.
Sigmund shouts!
The goblin shouts!
Sigmund gestures at you while chanting. The magic dart hits you!
You take 6 damage, and have 18/24 hp.
MASSIVE DAMAGE!!
Sigmund gestures at you while chanting.
You are confused.
The goblin completely misses you.
You feel less confused. The goblin closely misses you.
Sigmund casts a spell at you.
You are confused.
The goblin hits you but does no damage.
Sigmund casts a spell.
Sigmund flickers and vanishes!
Deactivating autopickup; reactivate with Ctrl-A.
The goblin closely misses you. Something misses you.
The goblin completely misses you. The goblin misses you. Something misses you.
The goblin misses you.
You're too confused to move!
Something hits you!
* * * LOW HITPOINT WARNING * * *
The goblin barely misses you.
You take 12 damage, and have 7/24 hp.
MASSIVE DAMAGE!!
It was a potion of flight.
You feel very buoyant.
You fly up into the air.
The goblin closely misses you.
Unknown command.
Unknown command.
It was a potion of might.
You feel very mighty all of a sudden.
You feel less confused. Something closely misses you.
The goblin closely misses you. Something hits you.
* * * LOW HITPOINT WARNING * * *
You die...

#...................
#.#...................
#.#..............(....
###.#.........(.......#.
##..>....
...............
........# #...<...#
........# ##.......#
........#####....###.#.#
##.........@....)......#
########{.g#....###†....
#...#....# ###
#...#.÷..# #...#....#
#...#....# #...#....#
#.......... #...........


You could see a goblin.

Vanquished Creatures
  2 adders
  An ooze (D:1)
  4 dart slugs
  2 leopard geckos
  A giant cockroach (D:2)
  4 goblins
  10 hobgoblins
  10 kobolds
  11 bats
  3 frilled lizards
  12 rats
60 creatures vanquished.

Notes
Turn   | Place    | Note
-------+----------+-------------------------------------------
     0 | D:1      | mhoghedin the Kobold Conjurer began the quest for the Orb.
     0 | D:1      | Reached XP level 1. HP: 10/10 MP: 3/3
   188 | D:1      | Reached XP level 2. HP: 9/15 MP: 0/5
   506 | D:1      | Learned a level 2 spell: Searing Ray
   656 | D:1      | Reached XP level 3. HP: 15/19 MP: 0/7
   754 | D:1      | Reached skill level 3 in Spellcasting
  1353 | D:2      | Reached XP level 4. HP: 20/24 MP: 0/9
  1464 | D:2      | Learned a level 3 spell: Dazzling Spray
  2149 | D:3      | Reached skill level 5 in Conjurations
  2171 | D:3      | Noticed Sigmund
  2190 | D:3      | HP: 1/24 [something (6)]
  2190 | D:3      | Slain by Sigmund

Vault maps used:
D:1:      dpeg_arrival_rooms_with_view, minmay_rat_gold_closets
D:2:      st_stairs_1, dk_noncrumbling_2
D:3:      first_ration, gup_sewer_entry_glass, uniq_sigmund

Skill      XL: |  1  2  3  4 |
---------------+-------------+-----
Spellcasting   | 3 |  3.7
Conjurations   | 5 |  5.0
Dodging        | |  2.4
Stealth        | |  2.6

Action                   |  1- 3 |  4- 6 || total
-------------------------+-------+-------++-------
Melee: Unarmed           |    16 |       ||    16
       Whip              |    21 |     6 ||    27
 Cast: Magic Dart        |    59 |    46 ||   105
  Use: Potion            |       |     2 ||     2
       Scroll            |       |     1 ||     1
 Stab: Sleeping          |     2 |       ||     2
  Eat: Chunk             |     6 |     6 ||    12
Armor: Robe              |     2 |     2 ||     4
Dodge: Dodged            |    33 |    27 ||    60

Table legend:
 A = Spawn XP
 B = Non-spawn XP
 C = Spawn XP percentage of total XP
 D = Spawn monster count
 E = Non-spawn monster count
 F = Spawn count percentage of total count
 G = Total turns spent on level
                    A         B        C        D         E        F      G
               +---------+---------+-------+---------+---------+-------+---------
         Total |       0 |     130 |   0.0 |       0 |      60 |   0.0 |  2190
               +---------+---------+-------+---------+---------+-------+---------
           D:1 |       0 |      57 |   0.0 |       0 |      32 |   0.0 |  1246
           D:2 |       0 |      56 |   0.0 |       0 |      25 |   0.0 |   862
           D:3 |       0 |      17 |   0.0 |       0 |       3 |   0.0 |    82
               +---------+---------+-------+---------+---------+-------+---------

Vault maps used:
D:1:      dpeg_arrival_rooms_with_view, minmay_rat_gold_closets
D:2:      st_stairs_1, dk_noncrumbling_2
D:3:      first_ration, gup_sewer_entry_glass, uniq_sigmund

Table legend:
 A = Turns spent in this place as a percentage of turns spent in the entire game.
 B = Non-inter-level travel turns spent in this place as a percentage of non-inter-level travel turns spent in the entire game.
 C = Inter-level travel turns spent in this place as a percentage of turns spent in this place.
 D = Turns resting spent in this place as a percentage of non-inter-level travel turns spent in this place.
 E = Turns spent auto-exploring this place as a percentage of non-inter-level travel turns spent in this place.
 F = Non-inter-level travel turns spent in this place divided by the number of levels of this place that you've seen.
                   A       B       C       D       E      F
               +-------+-------+-------+-------+-------+----------------------
         Total | 100.0 | 100.0 |   3.1 |  31.8 |  50.7 | 707.7
       Dungeon | 100.0 | 100.0 |   3.1 |  31.8 |  50.7 | 707.7
               +-------+-------+-------+-------+-------+----------------------

Table legend:
 A = Kills in this place as a percentage of kills in entire the game.
 B = Kills by you in this place as a percentage of kills by you in the entire game.
 C = Kills by friends in this place as a percentage of kills by friends in the entire game.
 D = Other kills in this place as a percentage of other kills in the entire game.
 E = Experience gained in this place as a percentage of experience gained in the entire game.
 F = Experience gained in this place divided by the number of levels of this place that you have seen.
                   A       B       C       D       E      F
               +-------+-------+-------+-------+-------+----------------------
         Total | 100.0 | 100.0 |   N/A |   N/A | 100.0 |  43.3
       Dungeon | 100.0 | 100.0 |   N/A |   N/A | 100.0 |  43.3
               +-------+-------+-------+-------+-------+----------------------
